Map: [ESL] Post-Youth

Players

Lambo

  • Race: Zerg Zerg
  • Spawn Location: 7:00

HeroMarine - Winner!

  • Race: Terran Terran
  • Spawn Location: 1:00

Event: ESL SC2 Masters 2024 Spring (Regional)

VOD

Have the link to the VOD?

Description

Time

  • Played on: April 25, 2024, 11:01 a.m.
  • Length: 11:27

All games in this series

Show
View Real Time Build Order
Export as new Build Order

Lambo Zerg 

Build Orders: Hatch First 

Get SALT Encoding   

  12  0:00  Drone  
  13  0:13  Overlord  
  13  0:17  Drone  
  14  0:31  Drone x2  
  16  0:49  Hatchery  
  15  0:52  Drone  
  15  0:56  Drone  
  17  0:59  Drone  
  18  1:09  Extractor  
  17  1:15  Spawning Pool  
  17  1:18  Drone  
  17  1:21  Drone  
  18  1:28  Drone  
  19  1:39  Drone  
  20  1:50  Drone  
  21  2:01  Queen x2  
  21  2:03  Zergling x4  
  27  2:14  Hatchery  
  26  2:19  Overlord  
  26  2:24  Drone  
  26  2:27  Drone  
  28  2:40  Drone x3  
  28  2:43  Queen  
  33  2:47  Metabolic Boost  
  33  2:52  Overlord  
  33  2:56  Queen  
  35  3:01  Drone  
  36  3:14  Overlord  
  36  3:16  Zergling x4  
  36  3:17  Drone x2  
  36  3:19  Queen  
  42  3:21  Zergling x4  
  42  3:26  Zergling x2  
  45  3:28  Drone x2  
  45  3:33  Drone  
  48  3:38  Overlord, Queen  
  50  3:45  Drone x2  
  50  3:48  Drone x2  
  53  3:51  Drone x3  
  55  3:58  Zergling x4  
  55  4:01  Drone x2  
  59  4:07  Queen  
  59  4:08  Queen  
  63  4:14  Overlord, Drone  
  63  4:15  Drone  
  65  4:21  Overlord  
  65  4:29  Overlord  
  65  4:32  Drone x2, Hatchery  
  65  4:37  Drone x4  
  70  4:41  Evolution Chamber, Extractor  
  70  4:43  Drone x2  
  70  4:49  Evolution Chamber, Zergling x4  
  70  4:50  Drone  
  72  4:53  Drone x3  
  72  4:56  Drone x2  
  72  4:57  Drone  
  72  4:59  Drone  
  79  5:00  Extractor  
  79  5:04  Drone x2  
  80  5:07  Zerg Ground Armor Level 1  
  80  5:08  Drone  
  80  5:10  Drone  
  82  5:15  Zerg Melee Weapons Level 1, Extractor  
  82  5:16  Overlord  
  82  5:17  Drone  
  81  5:21  Drone x2  
  81  5:22  Drone  
  81  5:25  Zergling x4  
  86  5:28  Lair  
  86  5:32  Overlord x2  
  86  5:33  Overlord  
  86  5:34  Overlord  
  86  5:40  Overlord  
  86  5:42  Overlord  
  86  5:46  Zergling x10  
  91  5:52  Zergling x6, Drone  
  91  5:56  Zergling x12  
  101  6:03  Zergling x6  
  103  6:06  Zergling x6  
  106  6:15  Zergling x12  
  112  6:18  Zergling x8  
  112  6:20  Drone  
  112  6:23  Hatchery  
  116  6:31  Zergling x2  
  116  6:32  Zergling x14  
  124  6:39  Zergling x8  
  128  6:40  Baneling Nest  
  128  6:44  Zergling x12  
  132  6:54  Infestation Pit, Drone x7  
  134  6:59  Hatchery  
  133  7:06  Zergling x8  
  136  7:10  Zerg Melee Weapons Level 2, Zerg Ground Armor Level 2  
  136  7:12  Zergling x10  
  141  7:17  Zergling x2  
  141  7:18  Zergling x4  
  144  7:23  Centrifugal Hooks  
  144  7:24  Baneling x7  
  144  7:25  Baneling x10  
  144  7:28  Overlord, Baneling x2  
  144  7:30  Overlord  
  144  7:33  Overlord, Hive  
  143  7:39  Overlord  
  143  7:40  Overlord  
  143  7:43  Zergling x16  
  147  7:46  Zergling x2, Overlord  
  147  7:47  Zergling x2  
  147  7:50  Zergling x10  
  154  7:53  Drone  
  154  7:54  Drone  
  154  7:55  Spore Crawler  
  153  8:03  Zergling x2  
  153  8:04  Zergling x10  
  155  8:09  Spore Crawler  
  155  8:11  Drone x12  
  162  8:16  Zergling x6  
  155  8:20  Zergling x10  
  155  8:22  Zergling x6  
  159  8:28  Baneling x8  
  159  8:32  Zergling x12  
  162  8:38  Zergling x4  
  163  8:42  Zergling x10  
  163  8:44  Baneling x10  
  163  8:45  Zergling x8  
  172  8:50  Zergling x2  
  172  8:51  Zergling x8  
  172  8:54  Overlord  
  168  8:59  Adrenal Glands  
  168  9:00  Spore Crawler  
  168  9:01  Ultralisk Cavern  
  165  9:04  Zergling x12  
  168  9:10  Zergling x8  
  168  9:14  Zergling x10  
  177  9:17  Baneling x9  
  177  9:20  Zergling x6  
  168  9:27  Baneling x10  
  159  9:31  Zergling x14  
  159  9:38  Zergling x12  
  140  9:42  Zergling x6  
  126  9:48  Zergling x4  
  124  9:53  Hatchery  
  124  9:57  Zergling x14  
  111  10:01  Viper  
  111  10:03  Viper  
  111  10:05  Zergling x4  
  116  10:10  Zergling x8  
  120  10:15  Zergling x4  
  120  10:16  Baneling x4, Extractor  
  120  10:20  Zergling x6  
  120  10:21  Zergling x2  
  125  10:24  Zergling x6  
  126  10:28  Zergling x6  
  126  10:31  Zergling x6  
  117  10:36  Baneling  
  117  10:37  Baneling x9  
  117  10:39  Zergling x2  
  115  10:46  Zergling x12  
  115  10:48  Zergling x2  
  103  10:54  Zergling x4  
  103  10:55  Zergling x2  
  101  10:59  Zergling x2  
  101  11:02  Zergling x4  
Show
View Real Time Build Order
Export as new Build Order

HeroMarine Terran - Winner!

Build Orders:  

Get SALT Encoding   

  12  0:00  SCV  
  13  0:12  SCV  
  14  0:17  Supply Depot  
  14  0:24  SCV  
  15  0:39  SCV  
  15  0:40  Barracks  
  16  0:44  Refinery  
  16  0:51  SCV  
  17  0:59  Barracks  
  17  1:04  SCV  
  18  1:16  SCV  
  19  1:27  Reaper  
  19  1:28  Orbital Command  
  20  1:33  Supply Depot  
  20  1:46  Reaper  
  21  1:53  SCV  
  22  2:02  Reaper  
  22  2:07  SCV  
  24  2:12  Command Center  
  24  2:19  SCV  
  24  2:22  Refinery  
  25  2:24  Reaper  
  26  2:31  SCV  
  27  2:44  SCV  
  28  2:50  Command Center  
  28  2:52  Barracks Reactor  
  28  2:56  SCV  
  29  3:00  Barracks Tech Lab  
  29  3:08  SCV  
  30  3:17  Engineering Bay  
  30  3:18  Engineering Bay  
  30  3:20  SCV  
  30  3:25  Marine  
  32  3:29  Orbital Command  
  32  3:34  SCV  
  33  3:36  Stimpack  
  33  3:42  Marine  
  33  3:43  Marine  
  33  3:45  Marine  
  33  3:46  SCV  
  37  3:58  SCV  
  37  3:59  Terran Infantry Weapons Level 1, Terran Infantry Armor Level 1  
  37  4:00  SCV  
  40  4:06  Orbital Command  
  39  4:10  SCV  
  39  4:12  SCV  
  39  4:14  Factory  
  41  4:22  SCV  
  41  4:24  SCV  
  43  4:29  Marine x3  
  46  4:31  SCV  
  46  4:34  SCV  
  46  4:36  SCV  
  46  4:37  Supply Depot  
  49  4:44  SCV  
  50  4:46  SCV, Marine  
  50  4:47  Marine x2  
  50  4:48  SCV  
  50  4:49  Refinery x2  
  55  4:55  Supply Depot  
  55  4:58  SCV  
  55  4:59  Starport, Orbital Command  
  56  5:00  SCV  
  56  5:01  Factory Reactor  
  56  5:04  Marine x3  
  60  5:10  Orbital Command  
  60  5:11  SCV, Armory  
  60  5:12  SCV  
  62  5:21  Barracks  
  62  5:22  Barracks x2, Marine  
  62  5:23  SCV  
  62  5:24  SCV  
  65  5:32  Combat Shield  
  65  5:33  Marine x2  
  65  5:35  SCV x2  
  69  5:36  SCV  
  69  5:40  Marine  
  71  5:44  Factory Tech Lab  
  71  5:45  Medivac, Supply Depot  
  71  5:46  Medivac, Supply Depot  
  71  5:47  SCV x2  
  77  5:54  Supply Depot  
  77  6:05  Terran Infantry Weapons Level 2, Terran Infantry Armor Level 2  
  77  6:07  SCV x3  
  77  6:08  Siege Tank  
  77  6:10  Barracks Reactor  
  83  6:15  Barracks Reactor  
  83  6:18  Supply Depot  
  83  6:19  SCV x3, Supply Depot  
  83  6:20  Barracks Reactor  
  86  6:27  Barracks  
  86  6:28  Barracks  
  86  6:29  Barracks  
  86  6:30  Marine, Missile Turret  
  86  6:31  SCV x3, Marine  
  91  6:36  Marine  
  92  6:42  Siege Tank, Supply Depot  
  92  6:43  Supply Depot  
  92  6:45  Medivac  
  96  6:48  Marine  
  96  6:49  Marine  
  96  6:51  Medivac  
  102  6:55  Marine x5  
  102  7:01  Marine x2  
  104  7:03  Supply Depot  
  104  7:06  Supply Depot x2, Marine  
  104  7:07  Marine  
  108  7:13  Marine x5  
  108  7:14  Siege Tank  
  116  7:16  Marine x3  
  116  7:18  Medivac  
  116  7:19  Marine x2  
  123  7:23  Medivac  
  123  7:24  Supply Depot, Marine  
  123  7:25  Marine  
  127  7:30  Marine  
  127  7:33  Marine x4  
  127  7:34  Marine x3  
  127  7:37  Marine x2  
  135  7:41  Marine  
  135  7:42  Marine  
  138  7:48  Medivac, Marine  
  138  7:49  Siege Tank  
  138  7:51  Marine x3  
  147  7:53  Medivac  
  147  7:55  Marine  
  147  7:56  Marine  
  147  7:57  Supply Depot x2  
  149  7:59  Marine x2  
  149  8:00  Marine x4  
  149  8:06  Marine  
  149  8:08  Marine  
  149  8:09  Marine x2  
  151  8:13  Marine x2  
  151  8:16  Marine  
  151  8:17  Marine  
  148  8:21  Siege Tank  
  151  8:29  Marine x3  
  151  8:30  Marine x3  
  151  8:33  Marine x2  
  159  8:35  Medivac  
  159  8:36  Medivac  
  159  8:38  Marine x3  
  159  8:41  Supply Depot  
  166  8:43  Marine  
  166  8:47  Marine x3  
  166  8:48  Marine x3  
  172  8:51  Marine x2  
  172  8:53  Siege Tank  
  167  8:56  Marine x3  
  167  9:01  Marine  
  171  9:04  Marine x2  
  171  9:05  Marine  
  171  9:06  Marine x3  
  171  9:08  Marine  
  171  9:09  Marine  
  177  9:14  Marine x3  
  178  9:18  Marine  
  178  9:22  Marine x3  
  178  9:23  Marine x2  
  178  9:24  Marine  
  171  9:25  Siege Tank  
  171  9:26  Marine x2  
  163  9:32  Marine x3  
  163  9:36  Marine  
  147  9:40  SCV, Marine x3  
  147  9:41  SCV, Marine x3  
  147  9:44  Marine x2  
  147  9:49  Marine  
  147  9:50  Marine x2  
  147  9:51  Liberator  
  151  9:56  Liberator  
  151  9:57  Siege Tank  
  151  9:58  Marine  
  125  10:00  Marine  
  125  10:01  Marine x3  
  125  10:02  Marine  
  125  10:03  Marine  
  125  10:04  Marine  
  127  10:10  Marine  
  127  10:11  Marine x2  
  130  10:14  Marine  
  130  10:16  Marine  
  130  10:20  Marine x4  
  136  10:24  Marine x2  
  138  10:29  Siege Tank  
  141  10:36  Liberator  
  141  10:38  Marine  
  141  10:39  Marine x5  
  149  10:47  Marine x5  
  149  10:48  Marine  
  138  10:56  Marine x5  
  140  10:59  Marine  
  144  11:05  Marine x6  
Tags
 
Add a new tag
Caveats
  • Supply blocks, unpowered buildings, or Contaminate may cause inaccurate times.
  • Supply counts are checked every 10 seconds.